 Dungeon Crawl Stone Soup version 0.30.1-11-g7821555f0a (webtiles) character file.

Game seed: 11229164462252018851

23 lonewolfV2 the Shield-Bearer (level 3, 0/30 HPs)
             Began as a Formicid Fighter on Dec 12, 2023.
             Constricted to death by a ball python (1 damage)
             ... on level 2 of the Dungeon.
             The game lasted 00:03:09 (718 turns).

lonewolfV2 the Shield-Bearer (Formicid Fighter)      Turns: 718, Time: 00:03:09

Health: 0/30       AC:  6    Str: 20    XL:     3   Next: 10%
Magic:  3/3        EV:  6    Int:  7    God:
Gold:   27         SH:  5    Dex: 15    Spells: 2/2 levels left

rFire   . . .        a - +0 war axe
rCold   . . .        c - +0 buckler
rNeg    . . .        b - +0 scale mail
rPois   .            (helmet unavailable)
rElec   .            (no cloak)
rCorr   .            (no gloves)
SInv    +            (no boots)
Will    .....        (no amulet) Stlth
                     (no ring)
HPRegen 0.25/turn    (no ring)
MPRegen 0.08/turn

%: no passive effects
@: constricted
A: permanent stasis, dig shafts and tunnels, antennae 3, four strong arms
a: Dig, Shaft Self


You were on level 2 of the Dungeon.
You visited 1 branch of the dungeon, and saw 2 of its levels.

You collected 27 gold pieces.

Inventory:

Hand Weapons
 a - a +0 war axe (weapon)
Armour
 b - a +0 scale mail (worn)
 c - a +0 buckler (worn)
 e - a +0 cloak
Scrolls
 l - 2 scrolls of immolation
Potions
 d - a potion of might
 f - a potion of degeneration
 h - a potion of curing {unknown}
 m - a potion of brilliance


   Skills:
 + Level 3.9 Fighting
 + Level 2.7 Axes
 - Level 3.2 Armour
 - Level 4.0 Shields


You had 2 spell levels left.
You didn't know any spells.
Your spell library contained the following spells:

 Spells                   Type           Power      Damage    Failure   Level
 Freeze                   Ice            0%         1d3       86%         1
 Frozen Ramparts          Ice            0%         1d1       99%         3
 Hailstorm                Conj/Ice       0%         3d3       99%         3
 Arcjolt                  Conj/Air       0%         1d10      100%        5
 Maxwell's Capacitive Co  Air            0%         ∞         100%        8
 Vhi's Electric Charge    Tloc/Air       Unusable   N/A       N/A         3

Dungeon Overview and Level Annotations

Branches:
Dungeon (2/15)

Altars:


Innate Abilities, Weirdness & Mutations

You cannot be hasted, slowed, berserked, paralysed or teleported.
You can dig through walls and to a lower floor.
You have a pair of large antennae on your head. (SInv)
Your four strong arms can wield two-handed weapons with a shield.


Message History

The orc hits you but does no damage.
Found 10 gold pieces.
The orc wizard points at you and mumbles some strange words.
You resist with some effort.
You see here a hobgoblin corpse.
The orc wizard attacks as you move away!
The orc wizard hits you with a +0 dagger.
The ball python bites you.
* * * LOW HITPOINT WARNING * * *
The ball python grabs you. The ball python constricts you.
The orc wizard casts a spell.
The orc wizard flickers and vanishes for a moment.
You hit the orc.
You kill the orc!
You barely miss the orc wizard. You completely miss the ball python.
You block the ball python's attack. The ball python constricts you.
* * * LOW HITPOINT WARNING * * *
The orc wizard hits you but does no damage.
The ball python bites you.
* * * LOW HITPOINT WARNING * * *
The ball python constricts you. You block the orc wizard's attack.
The orc wizard hits you with a +0 dagger.
* * * LOW HITPOINT WARNING * * *
You hit the orc wizard.
The orc wizard is moderately wounded.
You barely miss the orc wizard. You closely miss the ball python.
The ball python bites you but does no damage.
The ball python constricts you.
The orc wizard hits you but does no damage.
The orc wizard barely misses you.
You slash the orc wizard!
You kill the orc wizard!
You hit the orc wizard but do no damage.
You barely miss the ball python. The ball python bites you.
* * * LOW HITPOINT WARNING * * *
The ball python constricts you.
The orc wizard hits you with a +0 dagger.
* * * LOW HITPOINT WARNING * * *
The ball python bites you but does no damage.
The ball python constricts you.
You die...

{ ## .#
########.##
#.........#
#(...(..#
#..<)o..#
#....)@.#
#..).S.$#
#.......#
#######...#
.#.)# $.~.#
~≈~≈~≈
~~.~≈~


You could see an orc wizard (invisible) and a ball python.

Vanquished Creatures
  An orc wizard (D:2)
  3 orcs (D:2)
  An endoplasm (D:1)
  A giant cockroach (D:1)
  3 hobgoblins
  3 kobolds (D:1)
  A quokka (D:1)
  A ball python (D:1)
  2 bats (D:1)
  2 goblins (D:1)
18 creatures vanquished.

Notes
Turn   | Place    | Note
-------+----------+-------------------------------------------
     0 | D:1      | lonewolfV2 the Formicid Fighter began the quest for the
                  | Orb.
     0 | D:1      | Reached XP level 1. HP: 18/18 MP: 1/1
   161 | D:1      | Reached XP level 2. HP: 24/24 MP: 2/2
   713 | D:2      | Reached XP level 3. HP: 20/30 MP: 3/3
   718 | D:2      | HP: 1/30 [orc wizard/+0 dagger (2)]
   718 | D:2      | Constricted to death by a ball python

Illustrated notes

Levels and vault maps discovered:
D:1:      amcnicky_arrival_flooded_fountain, layout_basic,
          kennysheep_small_spiral
D:2:      layout_rooms, basic_altar, kennysheep_nondescript,
          minmay_fountain_box, chequers_serial_rivers_large_a

Action                     || total
---------------------------++-------
  Melee: War axe           ||    55
    Use: Scroll            ||     7
 Armour: Scale mail        ||    30
  Dodge: Dodged            ||    39
  Block: Buckler           ||    29
